 Dungeon Crawl Stone Soup version 0.32-a0-42-ga30500b4d3 (webtiles) character file.

Game seed: 17577989173689651068

88 Newt the Chucker (level 4, -9/35 HPs)
             Began as a Demonspawn Gladiator on Feb 3, 2024.
             Killed by nerve-wracking pain
             ... invoked by an orc priest
              (11 damage)
             ... on level 3 of the Dungeon.
             The game lasted 00:01:49 (1954 turns).

Newt the Chucker (Demonspawn Gladiator)             Turns: 1954, Time: 00:01:50

Health: -9/35      AC:  4    Str: 16    XL:     4   Next: 30%
Magic:  4/4        EV: 12    Int:  9    God:
Gold:   257        SH:  5    Dex: 14    Spells: 3/3 levels left

rFire   . . .        o - +4 whip
rCold   . . .        (no shield)
rNeg    . . .        b - +0 leather armour
rPois   .            (helmet restricted)
rElec   .            (no cloak)
rCorr   .            j - +0 pair of gloves
SInv    .            (no boots)
Will    .....        n - amulet of reflection
Stlth   +            (no ring)
HPRegen 0.25/turn    (no ring)
MPRegen 0.09/turn

%: reflection
@: no status effects
A: horns 1, spiny 1
a: no special abilities


You were on level 3 of the Dungeon.
You visited 1 branch of the dungeon, and saw 3 of its levels.

You collected 257 gold pieces.

Inventory:

Hand Weapons
 a - a +0 rapier
 o - a +4 whip (weapon)
Missiles
 d - 3 throwing nets (quivered)
 e - a javelin
Armour
 b - a +0 leather armour (worn)
 c - a +0 helmet
 j - a +0 pair of gloves (worn)
Jewellery
 n - an amulet of reflection (around neck)
Wands
 p - a wand of paralysis (8)
Scrolls
 h - a scroll of vulnerability
 i - a scroll of teleportation
 k - a scroll of immolation
Potions
 f - a potion of brilliance {unknown}
 g - a potion of attraction
 l - a potion of mutation
 m - a potion of ambrosia {unknown}


   Skills:
 + Level 3.0 Fighting
 - Level 2.6 Short Blades
 * Level 0.4 Maces & Flails
 - Level 3.4 Throwing
 - Level 2.6 Dodging


You had 3 spell levels left.
You didn't know any spells.
Your spell library contained the following spells:

 Spells                   Type           Power      Damage    Failure   Level
 Slow                     Hex            0%         N/A       45%         1
 Confusing Touch          Hex            0%         N/A       83%         3
 Sigil of Binding         Hex            0%         N/A       83%         3
 Vampiric Draining        Necr           0%         2d6       83%         3


Dungeon Overview and Level Annotations

Branches:
Dungeon (3/15)

Altars:


Innate Abilities, Weirdness & Mutations

You have a pair of small horns on your head.
You are partially covered in sharp spines.


Message History

You hit the endoplasm. You headbutt the endoplasm.
You kill the endoplasm!
No target in view!
Found a stone staircase leading down.
An orc comes into view. It is wielding a +0 dagger.
An orc is nearby!
Found 9 gold pieces.
The orc shouts!
You hear a shout!
An orc comes into view. It is wielding a +0 club.
An orc priest comes into view. It is wielding a +0 short sword.
Found a jewelled mace.
The orc priest shouts!
The orc priest miscasts a cantrip.
The orc throws a boomerang.
The boomerang hits you.
You barely miss the orc. The orc misses you.
The orc priest looks braver for a moment.
Unknown command.
You hit the orc but do no damage. Your headbutt misses the orc.
The orc is struck by your spines. The orc hits you but does no damage.
You hit the orc.
The orc is almost dead.
The orc is struck by your spines.
You kill the orc!
You closely miss the orc. Your headbutt misses the orc.
The orc priest invokes the aid of Beogh against you.
Beogh smites you! The orc is struck by your spines.
The orc hits you but does no damage.
You barely miss the orc. You headbutt the orc.
You kill the orc!
Found a scroll of vulnerability.
The orc priest calls down the wrath of Beogh upon you.
Beogh smites you!
* * * LOW HITPOINT WARNING * * *
Things that are here:
a +0 dagger; a +0 scale mail; an orc corpse You hit the orc priest.
You headbutt the orc priest.
The orc priest is heavily wounded.
The orc priest mumbles some strange prayers to Beogh against you.
Pain shoots through your body!
You die...

#########
#........ .
#........
#........
#...)...?
#........
##o.......
###
##)@.......
...
###..########
#$...# #.##.#
# # ##.# #.#
#..# ...#
#.## ##..#
#.# ##...#
###.##


You could see an orc priest.

Vanquished Creatures
  2 adders (D:2)
  A dart slug (D:3)
  2 ribbon worms
  6 orcs (D:3)
  2 bats
  5 endoplasms
  3 giant cockroaches
  6 goblins (D:1)
  3 hobgoblins
  2 jackals (D:2)
  A quokka (D:1)
  3 ball pythons
  4 frilled lizards
  6 kobolds
  9 rats
55 creatures vanquished.

Notes
Turn   | Place    | Note
-------+----------+-------------------------------------------
     0 | D:1      | Newt the Demonspawn Gladiator began the quest for the Orb.
     0 | D:1      | Reached XP level 1. HP: 16/16 MP: 1/1
   169 | D:1      | Gained mutation: You have a pair of small horns on your
                  | head. [demonic ancestry]
   169 | D:1      | Reached XP level 2. HP: 22/22 MP: 2/2
   876 | D:2      | Reached XP level 3. HP: 26/28 MP: 3/3
  1476 | D:2      | Found a faded altar of an unknown god.
  1766 | D:3      | Gained mutation: You are partially covered in sharp spines.
                  | [demonic ancestry]
  1766 | D:3      | Reached XP level 4. HP: 34/34 MP: 4/4
  1954 | D:3      | Killed from afar by an orc priest

Illustrated notes

Levels and vault maps discovered:
D:1:      minmay_arrival_jagged, layout_loops_ring
D:2:      layout_loops_corners, chequers_ecumenical_altar_island
D:3:      layout_rooms, saegor_snake_ambush

Skill      XL: |  1  2  3  4 |
---------------+-------------+-----
Throwing       | 2 3 |  3.4
Fighting       | 3 |  3.0
Short Blades   | |  2.6
Maces & Flails | |  0.4
Dodging        | |  2.6

Action                     |  1- 3 |  4- 6 || total
---------------------------+-------+-------++-------
  Melee: Rapier            |   111 |     9 ||   120
         Headbutt          |    12 |     5 ||    17
         Punch             |     1 |       ||     1
         Whip              |       |    13 ||    13
    Use: Scroll            |     7 |       ||     7
 Armour: Leather armour    |    54 |     8 ||    62
  Dodge: Dodged            |    68 |     8 ||    76
  Block: Other             |     1 |     7 ||     8
         Reflection        |     1 |       ||     1

Table legend: (Time is in decaauts)
 A = Elapsed time spent in this place.
 B = Non-inter-level travel time spent in this place.
 C = Inter-level travel time spent in this place.
 D = Time resting spent in this place.
 E = Time spent auto-exploring this place.
 F = Levels seen in this place.
 G = Mean time per level.
                   A        B        C        D        E       F      G
               +--------+--------+--------+--------+--------+-----+--------+
         Total |   1968 |   1923 |     45 |      0 |   1570 |   3 |  656.0 |
       Dungeon |   1968 |   1923 |     45 |      0 |   1570 |   3 |  656.0 |
               +--------+--------+--------+--------+--------+-----+--------+

Top non-repeatable levels by time:
     D:2: 909 daAuts
     D:1: 835 daAuts
     D:3: 223 daAuts
